 Dungeon Crawl Stone Soup version 0.23.0-3-gf3c87f2df8 (webtiles) character file.

Game seed: 3431100079028230076

354 Delanovic the Grave Robber (level 6, -2/37 HPs)
             Began as a Gargoyle Wanderer on Feb 23, 2019.
             Killed by divine providence
             ... invoked by an orc priest
              (13 damage)
             ... on level 4 of the Dungeon.
             The game lasted 00:08:01 (4367 turns).

Delanovic the Grave Robber (Gargoyle Wanderer)      Turns: 4367, Time: 00:08:01

Health: -2/37      AC: 12    Str: 15    XL:     6   Next: 62%
Magic:  4/10       EV: 10    Int: 14    God:
Gold:   136        SH:  0    Dex: 10    Spells: 6/11 levels left

rFire    . . .     SeeInvis .   i - +1 whip (holy)
rCold    . . .     Gourm    .   (no shield)
rNeg     + . .     Faith    .   a - +3 ring mail
rPois    ∞         Spirit   .   (no helmet)
rElec    +         Reflect  .   (no cloak)
rCorr    .         Harm     .   (no gloves)
MR       .....                  (no boots)
Stlth    +.........             (no amulet)
HPRegen  0.12/turn              (no ring)
MPRegen  0.12/turn              (no ring)

@: no status effects
A: negative energy resistance 1, electricity resistance, unbreathing,
petrification resistance, rot immunity, AC +4
a: no special abilities


You were on level 4 of the Dungeon.
You were hungry.

You visited 1 branch of the dungeon, and saw 4 of its levels.

You collected 136 gold pieces.

Inventory:

Hand Weapons
 c - a +0 mace
 i - a +1 whip of holy wrath (weapon)
Armour
 a - a +3 ring mail (worn)
 d - a +0 robe
Scrolls
 e - a scroll of identify {unknown}
 g - a scroll of amnesia {unknown}
 h - 2 scrolls of remove curse
 j - a scroll of teleportation
 l - a scroll of fog {unknown}
Potions
 b - a potion of curing
 k - a potion of degeneration
 m - a potion of heal wounds {unknown}
Comestibles
 f - 9 rations


   Skills:
 + Level 3.4 Fighting
 + Level 4.0 Maces & Flails
 - Level 1.1 Stealth
   Level 1.1 Shields
 + Level 3.0 Spellcasting
 + Level 4.1 Necromancy


You had 6 spell levels left.
You knew the following spells:

 Your Spells              Type           Power        Failure   Level  Hunger
a - Pain                  Necr           ##..         8%          1    #......
b - Animate Skeleton      Necr           N/A          8%          1    #......
c - Vampiric Draining     Necr           ##........   24%         3    ###....

Your spell library contained the following spells:

 Spells                   Type           Power        Failure   Level  Hunger
 Regeneration             Chrm/Necr      #.........   50%         3    ###....
 Animate Dead             Necr           N/A          61%         4    #####..


Dungeon Overview and Level Annotations

Branches:
Dungeon (4/15)
 Temple: D:4-7

Altars:


Innate Abilities, Weirdness & Mutations

You are resistant to torment.
Your stone body is resilient. (AC +4)
You are immune to poison.
You resist negative energy. (rN+)
You are resistant to electric shocks. (rElec)
You can survive without breathing.
You are immune to petrification.
You are immune to rotting.


Message History

The orc wizard blinks!
The orc priest calls down the wrath of Beogh upon you.
Beogh smites you!
* * * LOW HITPOINT WARNING * * *
The orc hits you but does no damage.
You feel better. The orc hits you but does no damage.
You hit the orc but do no damage.
The orc is severely wounded.
You hit the orc but do no damage.
The orc is severely wounded.
The orc hits you but does no damage.
Casting: Pain (safe; 8% risk of failure)
Confirm with . or Enter, or press ? or * to list all spells.
Aiming: Pain (safe; 8% risk of failure)
Press: ? - help, Shift-Dir - straight line, f/p - orc
Aim: an orc, wielding a +0 whip and wearing a +0 chain mail (severely wounded, chance to defeat MR: 83%)
The orc barely resists.
The orc hits you but does no damage.
The orc priest invokes the aid of Beogh against you.
Beogh smites you!
You die...

....... ......#
.....#.........
.....#.........
....#......... ###
#...#.........
#..##o..#.........
#..@oo..#?o.......
+..###'##.........
#..#....o.o.......
#..#%...o.........
#+##.....#######..
........+
.........#
.........# .#
.........#


You could see an orc priest, an orc wizard and an orc.

Vanquished Creatures
  Sigmund (D:2)
  A centaur (D:3)
  2 adders
  2 oozes (D:2)
  A worm (D:2)
  4 dart slugs (D:1)
  A leopard gecko (D:1)
  2 orcs (D:4)
  7 bats
  2 giant cockroaches
  5 goblins
  6 hobgoblins
  16 jackals
  A quokka (D:3)
  3 frilled lizards (D:2)
  7 kobolds
  3 rats
64 creatures vanquished.

Notes
Turn   | Place    | Note
-------+----------+-------------------------------------------
     0 | D:1      | Delanovic the Gargoyle Wanderer began the quest for the
                  | Orb.
     0 | D:1      | Delanovic set off with the following items: a potion of
                  | curing, a +0 mace, a +0 robe, a ration; and the following
                  | spells available to memorise: Animate Skeleton, Pain,
                  | Vampiric Draining, Regeneration, Animate Dead
     0 | D:1      | Reached XP level 1. HP: 12/12 MP: 2/2
     2 | D:1      | Learned a level 1 spell: Pain
     4 | D:1      | Learned a level 1 spell: Animate Skeleton
   168 | D:1      | Reached XP level 2. HP: 14/16 MP: 0/3
   821 | D:1      | Reached XP level 3. HP: 5/20 MP: 0/4
  2081 | D:2      | Reached XP level 4. HP: 20/26 MP: 3/6
  2652 | D:2      | Noticed Sigmund
  2699 | D:2      | HP: 1/26 [something (2)]
  2706 | D:2      | Killed Sigmund
  2706 | D:2      | Reached XP level 5. HP: 2/32 MP: 5/9
  2706 | D:2      | Reached XP level 6. HP: 2/37 MP: 5/10
  3506 | D:2      | Learned a level 3 spell: Vampiric Draining
  4367 | D:4      | Killed from afar by an orc priest

Skill      XL: |  1  2  3  4  5  6 |
---------------+-------------------+-----
Maces & Flails | 3 4 |  4.0
Fighting       | 2 3 |  3.4
Spellcasting   | 2 3 |  3.0
Necromancy     | 4 |  4.1
Stealth        | |  1.1
Shields        | |  1.1

Action                   |  1- 3 |  4- 6 || total
-------------------------+-------+-------++-------
Melee: Mace              |    26 |       ||    26
       Whip              |    60 |   109 ||   169
 Cast: Pain              |    44 |    36 ||    80
       Animate Skeleton  |     1 |       ||     1
  Use: Potion            |       |     6 ||     6
       Scroll            |       |     2 ||     2
 Stab: Sleeping          |     1 |       ||     1
  Eat: Chunk             |     5 |     4 ||     9
       Ration            |       |     1 ||     1
Armor: Robe              |    28 |     6 ||    34
       Ring mail         |       |    59 ||    59
Dodge: Dodged            |    53 |    72 ||   125
